 Dungeon Crawl Stone Soup version 0.17-a0-1184-gb75be8f (webtiles) character file.

95 Fluffy the Slasher (level 4, -2/35 HPs)
             Began as a Demonspawn Gladiator on June 1, 2015.
             Slain by Sigmund
             ... wielding a +1 vampiric scythe
              (6 damage)
             ... on level 3 of the Dungeon.
             The game lasted 00:04:37 (2446 turns).

Fluffy the Slasher (Demonspawn Gladiator)           Turns: 2446, Time: 00:04:37

Health: -2/35      AC:  8    Str: 16    XL:     4   Next: 40%
Magic:  4/4        EV: 12    Int: 15    God:
Gold:   119        SH:  0    Dex: 13    Spells: 0 memorised, 3 levels left

rFire  . . .     SeeInvis .     a - +0 long sword
rCold  . . .     Clarity  .     m - +0 ring mail
rNeg   . . .     SustAt   .     (no shield)
rPois  .         Gourm    .     c - +0 helmet
rElec  .         Spirit   .     i - +0 cloak
rCorr  .         Warding  .     (no gloves)
rMut   .         Stasis   .     (no boots)
MR     .....                    (no amulet)
Stlth  +.........               (no ring)
                                (no ring)

@: brilliant, flying, very slightly contaminated, hasted, very quick, not
resistant to hostile enchantments, very unstealthy
A: talons 1, icy blue scales 1
a: no special abilities


You were on level 3 of the Dungeon.
You were very hungry.

You visited 1 branch of the dungeon, and saw 3 of its levels.

You collected 119 gold pieces.

Inventory:

Hand weapons
 a - a +0 long sword (weapon)
Missiles
 d - 3 throwing nets (quivered)
Armour
 c - a +0 helmet (worn)
 i - a +0 cloak (worn)
 m - a +0 ring mail (worn)
Magical devices
 p - a wand of hasting (6)
Scrolls
 f - a scroll of remove curse {unknown}
 g - 2 scrolls of identify
 h - a scroll of random uselessness {unknown}
 j - a scroll of recharging {unknown}
 k - 2 scrolls of teleportation {unknown}
 l - 2 scrolls of magic mapping {unknown}
 s - a scroll of amnesia {unknown}
Comestibles
 b - 2 beef jerkies
 e - a bread ration
 r - 6 fruits


   Skills:
 + Level 3.1 Fighting
 + Level 3.2 Long Blades
 - Level 1.7 Throwing
 + Level 1.5 Armour
 + Level 3.2 Dodging


You had 3 spell levels left.
You didn't know any spells.

Dungeon Overview and Level Annotations

Branches:
Dungeon (3/15)

Altars:
Elyvilon
Fedhas
Kikubaaqudgha

Annotations:
D:3 Sigmund


Innate Abilities, Weirdness & Mutations

You have sharp toenails.
You are partially covered in icy blue scales (AC +1).


Message History

You hear some strange, mumbled words.
Something tries to affect you, but you resist.
You closely miss something. Your kick misses something. You miss something.
Something hits you!
* * * LOW HITPOINT WARNING * * *
Drink which item? (? for menu, Esc to quit)
It was a potion of flight.
You have identified the last healing potion.
You feel very buoyant.
You fly up into the air.
Drink which item? (? for menu, Esc to quit)
Okay, then.
Drink which item? (? for menu, Esc to quit)
It was a potion of brilliance.
You feel clever all of a sudden. Something hits you but does no damage.
You barely miss something. You barely miss something. You claw something.
Something completely misses you.
You miss something. You claw something. Something hits you.
You die...

#########
#){@....#
###.#####.#
#......#
#.#.##.....
#.#.# ##.#
#.#@#####.
####.#.......
#......#
#.##.#<#


There were no monsters in sight!

Vanquished Creatures
  Ijyb (D:2)
  3 adders (D:2)
  A ball python (D:1)
  4 bats (D:1)
  3 giant cockroaches
  4 goblins (D:1)
  4 hobgoblins
  2 jackals (D:1)
  2 quokkas (D:2)
  A giant gecko (D:1)
  5 giant newts
  9 kobolds
  6 rats
45 creatures vanquished.

Notes
Turn   | Place    | Note
--------------------------------------------------------------
     0 | D:1      | Fluffy the Demonspawn Gladiator began the quest for the Orb.
     0 | D:1      | Reached XP level 1. HP: 16/16 MP: 1/1
   227 | D:1      | Gained mutation: You have sharp toenails. [demonic ancestry]
   227 | D:1      | Reached XP level 2. HP: 14/23 MP: 2/2
  1223 | D:2      | Found a white marble altar of Elyvilon.
  1268 | D:2      | Noticed Ijyb
  1305 | D:2      | Killed Ijyb
  1305 | D:2      | Reached skill level 3 in Fighting
  1305 | D:2      | Reached skill level 1 in Armour
  1305 | D:2      | Reached XP level 3. HP: 6/29 MP: 3/3
  1716 | D:2      | Gained mutation: You are partially covered in icy blue scales (AC +1). [demonic ancestry]
  1716 | D:2      | Reached XP level 4. HP: 28/35 MP: 4/4
  1901 | D:2      | Found an ancient bone altar of Kikubaaqudgha.
  1920 | D:2      | Found a blossoming altar of Fedhas.
  2087 | D:2      | Found a blossoming altar of Fedhas.
  2402 | D:3      | Noticed Sigmund
  2436 | D:3      | HP: 1/35 [something (9)]
  2446 | D:3      | Slain by Sigmund

Vault maps used:
D:1:      minmay_arrival_arboretum_small
D:2:      grunt_temple_overflow_growth_and_decay, lemuel_doored_altar,
          fedhas_altar_fruit_tree, uniq_iyjb
D:3:      uniq_sigmund, uniq_crazy_yiuf_cottage

Action                   |  1- 3 |  4- 6 || total
-------------------------+-------+-------++-------
Melee: Long sword        |   149 |    54 ||   203
  Use: Potion            |       |     5 ||     5
       Scroll            |       |     3 ||     3
 Stab: Distracted        |       |     1 ||     1
  Eat: Chunk             |     3 |     1 ||     4
